 Dungeon Crawl Stone Soup version 0.31.0-4-g52a2dc7128 (webtiles) character file.

Game seed: 13021352859404351552

196 Gottschkopf the Magician (level 5, -17/28 HPs)
             Began as a Deep Elf Fire Elementalist on Jan 22, 2024.
             Was a Plaything of Xom.
             Demolished by an ogre
             ... wielding a +0 giant spiked club
              (30 damage)
             ... on level 5 of the Dungeon.
             The game lasted 00:12:20 (3670 turns).

Gottschkopf the Magician (DEFE)                     Turns: 3670, Time: 00:12:21

Health: -17/28     AC:  4    Str:  5    XL:     5   Next: 45%
Magic:  2/13       EV: 13    Int: 22    God:    Xom [*.....]
Gold:   202        SH:  0    Dex: 15    Spells: 2/12 levels left

rFire   . . .        i - +0 dagger
rCold   . . .        (no shield)
rNeg    . . .        a - +0 robe
rPois   .            r - +0 helmet
rElec   .            (no cloak)
rCorr   .            (no gloves)
SInv    .            v - +0 pair of boots
Will    .....        (no amulet)
Stlth   ++           s - ring of wizardry
HPRegen 0.24/turn    (no ring)
MPRegen 0.13/turn

%: wizardry (x1)
@: marked, very slightly contaminated
A: screaming 1
a: Renounce Religion


You were on level 5 of the Dungeon.
You worshipped Xom.
You were a special plaything of Xom.
You visited 1 branch of the dungeon, and saw 5 of its levels.

You collected 202 gold pieces.

Inventory:

Hand Weapons
 e - a +0 mace
 i - a +0 dagger (weapon)
Armour
 a - a +0 robe (worn)
 r - a +0 helmet (worn)
 v - a +0 pair of boots (worn)
Jewellery
 s - a ring of wizardry (left hand)
Wands
 x - a wand of flame (24)
 y - a wand of roots (4)
Scrolls
 c - 2 scrolls of poison {unknown}
 f - 2 scrolls of immolation {unknown}
 g - 2 scrolls of identify {unknown}
 h - a scroll of blinking {unknown}
 k - a scroll of acquirement {unknown}
 m - 2 scrolls of fog {unknown}
 o - 3 scrolls of teleportation {unknown}
 p - a scroll of torment {unknown}
 q - 2 scrolls of noise {unknown}
 w - a scroll of fear {unknown}
Potions
 b - a potion of magic
 d - a potion of degeneration {unknown}
 j - a potion of mutation {unknown}
 l - a potion of invisibility {unknown}
 n - 3 potions of curing {unknown}
 t - a potion of enlightenment {unknown}
 u - 2 potions of might {unknown}


   Skills:
 + Level 4.0 Dodging
 - Level 2.4 Stealth
 + Level 4.4 Spellcasting
 + Level 3.1 Conjurations
 + Level 4.4 Fire Magic


You had 2 spell levels left.
You knew the following spells:

 Your Spells              Type           Power      Damage    Failure   Level
a - Foxfire               Conj/Fire      84%        2x1d8     1%          1
b - Scorch                Fire           48%        2d7       1%          2
c - Volatile Blastmotes   Fire/Tloc      28%        2d12      5%          3
d - Flame Wave            Conj/Fire      21%        2d8       9%          4

Your spell library contained the following spells:

 Spells                   Type           Power      Damage    Failure   Level
 Magic Dart               Conj           72%        1d6       1%          1
 Searing Ray              Conj           36%        2d5       1%          2
 Cigotuvi's Dreadful Rot  Necr/Alch/Air  8%         N/A       6%          2
 Mercury Vapours          Alch/Air       8%         N/A       6%          2
 Inner Flame              Hex/Fire       14%        N/A       5%          3
 Mephitic Cloud           Conj/Alch/Air  9%         N/A       9%          3
 Ignite Poison            Fire/Alch      14%        N/A       16%         4
 Fulminant Prism          Conj/Alch      5%         3d7       22%         4
 Freezing Cloud           Conj/Ice/Air   4%         6-21      58%         5


Dungeon Overview and Level Annotations

Branches:
Dungeon (5/15)
 Temple: D:4-7

Altars:
Nemelex Xobeh
Xom


Innate Abilities, Weirdness & Mutations

You occasionally shout uncontrollably at your foes.


Message History

You open the door.
There is an open door here.
As you open the door, it creaks loudly!
A malevolent force fills the Dungeon...
With a horrendous wail, an alarm goes off!
A sentinel's mark forms upon you.
You hear a shout! x2; You hear a bark!
You hear a shout! x3
There is an open door here.
An ogre opens the door.
It is wielding a +0 giant spiked club.
Casting: Foxfire (safe; 1% risk of failure)
Confirm with . or Enter, or press ? or * to list all spells.
Okay, then.
There is an open door here.
Casting: Volatile Blastmotes (quite dangerous; 5% risk of failure)
Confirm with . or Enter, or press ? or * to list all spells.
You miscast Volatile Blastmotes.
You are very lightly contaminated with residual magic.
Nothing appears to happen.
The ogre misses you.
Casting: Volatile Blastmotes (quite dangerous; 5% risk of failure)
Confirm with . or Enter, or press ? or * to list all spells.
A cloud of volatile blastmotes flares up around you!
Run!
The ogre attacks as it pursues you! The ogre closely misses you.
The cloud of blastmotes explodes!
The concussive blast engulfs the ogre!
The ogre is heavily wounded.
The concussive blast engulfs you!
Ouch! That really hurt!
You are knocked back by the blast.
Casting: Volatile Blastmotes (quite dangerous; 5% risk of failure)
Confirm with . or Enter, or press ? or * to list all spells.
Casting: Flame Wave (quite dangerous; 9% risk of failure)
Press: ? - help, Dir - look around, f - activate Look: an ogre, wielding a +0 giant spiked club (heavily wounded)
A wave of flame ripples out! (Press . to intensify the flame waves.)
A wave of flame ripples out!
The flame wave engulfs the ogre!
The ogre is almost dead.
The ogre hits you with a +0 giant spiked club!!
Ouch! That really hurt!
You die...
Xom snickers!

...#...#....#......
...#...#....'......
#####..##..##'####.....
#..##..##..##...##.....
#......#<.......#......
#......#........#......
##'###'##.......'......
....#.O##..###'###.....
#....#.@....##...##.....
#....+..................
'....#..................
##....#..##..#######+##..
#<.##..## .. #.......#
#.......# ######+##


You could see an ogre.

Vanquished Creatures
  An ice beast (D:4)
  3 gnolls (D:3)
  3 dart slugs
  2 ribbon worms
  3 orcs (D:4)
  5 ball pythons
  3 endoplasms (D:2)
  A giant cockroach (D:3)
  7 goblins
  4 hobgoblins
  2 jackals (D:1)
  5 kobolds
  3 quokkas
  7 bats
  6 frilled lizards
  2 rats
57 creatures vanquished.

Vanquished Creatures (collateral kills)
  9 foxfires (D:2)
9 creatures vanquished.

Vanquished Creatures (others)
  195 foxfires
195 creatures vanquished.

Grand Total: 261 creatures vanquished

Notes
Turn   | Place    | Note
-------+----------+-------------------------------------------
     0 | D:1      | Gottschkopf the Deep Elf Fire Elementalist began the quest
                  | for the Orb.
     0 | D:1      | Reached XP level 1. HP: 10/10 MP: 6/6
   265 | D:1      | Reached XP level 2. HP: 15/15 MP: 2/8
   764 | D:1      | Learned a level 2 spell: Scorch
   893 | D:2      | You fall into a shaft and drop 2 floors!
  1148 | D:3      | Reached XP level 3. HP: 19/19 MP: 1/9
  1208 | D:3      | Learned a level 3 spell: Volatile Blastmotes
  1997 | D:2      | Reached XP level 4. HP: 24/24 MP: 11/11
  2013 | D:2      | Learned a level 4 spell: Flame Wave
  2165 | D:2      | Found a faded altar of an unknown god.
  2169 | D:2      | Prayed at the altar of an unknown god.
  2169 | D:2      | Became a worshipper of Xom of Chaos
  2981 | D:4      | Found a sparkling altar of Nemelex Xobeh.
  3160 | D:4      | Noticed an ice beast
  3171 | D:4      | Killed an ice beast
  3172 | D:4      | Reached XP level 5. HP: 28/28 MP: 4/13
  3243 | D:4      | XOM: give mutation
  3243 | D:4      | Gained mutation: You occasionally shout uncontrollably at
                  | your foes. [Xom's mischief]
  3521 | D:4      | XOM: god gift: wand of roots (4)
  3613 | D:5      | Entered Level 5 of the Dungeon
  3662 | D:5      | Noticed an ogre
  3670 | D:5      | Demolished by an ogre

Illustrated notes

Levels and vault maps discovered:
D:1:      minmay_arrival_doors, layout_rooms
D:2:      layout_basic, shapermc_ecumenical_altar_acropolis,
          kennysheep_generic_room_3
D:3:      layout_basic, kennysheep_generic_room_11
D:4:      layout_basic, nemelex_xobeh_ov_fountains_minmay
D:5:      layout_gridville, minmay_temple_entry_fiery, lightli_corner_chamber,
          uniq_menkaure

Skill      XL: |  1  2  3  4 |
---------------+-------------+-----
Dodging        | 3 4 |  4.0
Conjurations   | 2 3 |  3.1
Fire Magic     | 4 |  4.4
Spellcasting   | 4 |  4.4
Stealth        | |  2.4

Action                     |  1- 3 |  4- 6 || total
---------------------------+-------+-------++-------
  Melee: Mace              |     1 |       ||     1
         Dagger            |    13 |    18 ||    31
   Cast: Foxfire           |    68 |    57 ||   125
         Volatile Blastmot |     1 |     1 ||     2
         Scorch            |     1 |       ||     1
         Flame Wave        |       |     1 ||     1
   Stab: Sleeping          |     1 |     1 ||     2
 Armour: Robe              |    11 |    11 ||    22
  Dodge: Dodged            |     7 |    20 ||    27
